 Dungeon Crawl Stone Soup version 0.22.0 (webtiles) character file.

143 Blackhawk the Skirmisher (level 5, 0/46 HPs)
             Began as a Draconian Monk on Nov 3, 2018.
             Killed from afar by an orc wizard (1 damage)
             ... with a puff of flame
             ... on level 4 of the Dungeon.
             The game lasted 00:02:49 (2120 turns).

Blackhawk the Skirmisher (Draconian Monk)           Turns: 2120, Time: 00:02:50

Health: 0/46       AC:  5    Str: 15    XL:     5   Next: 4%
Magic:  5/5        EV: 13    Int: 10    God:
Gold:   164        SH:  0    Dex: 13    Spells: 4/4 levels left

rFire    . . .     SeeInvis .   a - +0 hand axe
rCold    . . .     Gourm    .   (no shield)
rNeg     . . .     Faith    .   (armour unavailable)
rPois    .         Spirit   .   (helmet restricted)
rElec    .         Reflect  .   (no cloak)
rCorr    .         Harm     .   (no gloves)
MR       .....                  (no boots)
Stlth    ++........             (no amulet)
HPRegen  0.15/turn              (no ring)
MPRegen  0.09/turn              (no ring)

@: drained
A: unfitting armour, cold-blooded, AC +5
a: no special abilities


You were on level 4 of the Dungeon.
You were not hungry.

You visited 1 branch of the dungeon, and saw 4 of its levels.

You collected 164 gold pieces.

Inventory:

Hand Weapons
 a - a +0 hand axe (weapon)
Missiles
 k - 25 bolts
Jewellery
 m - an uncursed ring of magical power {unknown}
 n - an uncursed ring of positive energy {unknown}
Scrolls
 d - 2 scrolls of remove curse {unknown}
 f - a scroll of random uselessness {unknown}
 g - 2 scrolls of immolation {unknown}
 h - 4 scrolls of identify {unknown}
 i - a scroll of fear {unknown}
 l - a scroll of blinking {unknown}
Potions
 c - 2 potions of curing {unknown}
 e - 2 potions of might {unknown}
Comestibles
 b - 7 rations
 j - 7 chunks of flesh


   Skills:
 + Level 4.2 Fighting
 + Level 3.8 Axes
 + Level 3.4 Dodging
 + Level 3.0 Stealth


You had 4 spell levels left.
You didn't know any spells.
Your spell library was empty.

Dungeon Overview and Level Annotations

Branches:
Dungeon (4/15)
 Temple: D:4-7

Altars:
Cheibriados


Innate Abilities, Weirdness & Mutations

Your plain brown scales are hard. (AC +5)
You cannot fit into any form of body armour.
You are cold-blooded and may be slowed by cold attacks.


Message History

You barely miss the orc wizard.
The orc wizard is heavily wounded.
The orc wizard hits you with a dagger.
* * * LOW HITPOINT WARNING * * *
You completely miss the orc wizard.
You tail-slap the orc wizard, but do no damage.
The orc wizard is heavily wounded.
The orc wizard hits you but does no damage.
You closely miss the orc wizard.
Your tail-slap misses the orc wizard.
The orc wizard is heavily wounded.
The orc wizard closely misses you.
You hit the orc wizard.
The orc wizard is heavily wounded.
The orc wizard hits you with a dagger.
* * * LOW HITPOINT WARNING * * *
You barely miss the orc wizard.
The orc wizard is heavily wounded.
The orc wizard gestures at you while chanting.
The puff of flame hits you!
You die...

.$...... .........
### ......... ..>.
.... ...%.....##..
..... ............
.#.# ........#.#
....## #....)#..#
......
####o@..#####......
>...........(<.......
#.........(##).....##
............))....##
............#......#
..........###.......#
..........# #........
..........# #....##.#
........# #...!# ..


You could see an orc wizard.

Vanquished Creatures
  An orc priest (D:4)
  Jessica (D:3)
  4 adders
  An ooze (D:1)
  2 dart slugs
  5 orcs
  A ball python (D:3)
  2 bats
  4 giant cockroaches
  3 hobgoblins
  6 jackals
  A frilled lizard (D:1)
  4 goblins
  3 kobolds
  2 rats
40 creatures vanquished.

Notes
Turn   | Place    | Note
-------+----------+-------------------------------------------
     0 | D:1      | Blackhawk the Draconian Monk began the quest for the Orb.
     0 | D:1      | Reached XP level 1. HP: 19/19 MP: 1/1
     1 | D:1      | Noticed an electric eel
   174 | D:1      | Reached XP level 2. HP: 26/26 MP: 2/2
   843 | D:2      | Reached XP level 3. HP: 29/33 MP: 3/3
  1565 | D:2      | Found a snail-covered altar of Cheibriados.
  1817 | D:3      | Reached XP level 4. HP: 32/40 MP: 4/4
  1897 | D:3      | Reached skill level 4 in Fighting
  1914 | D:3      | Noticed Jessica
  1921 | D:3      | Killed Jessica
  2115 | D:4      | Reached XP level 5. HP: 4/46 MP: 5/5
  2119 | D:4      | HP: 1/46 [orc wizard/dagger (3)]
  2120 | D:4      | Killed from afar by an orc wizard

Skill      XL: |  1  2  3  4 |
---------------+-------------+-----
Stealth        | 2 3 |  3.0
Dodging        | 3 |  3.4
Fighting       | 4 |  4.2
Axes           | |  3.8

Action                   |  1- 3 |  4- 6 || total
-------------------------+-------+-------++-------
Melee: Hand axe          |    94 |    35 ||   129
       Tailslap          |    11 |     9 ||    20
 Stab: Sleeping          |       |     3 ||     3
  Eat: Chunk             |     3 |     1 ||     4
Armor: Skin              |    30 |     9 ||    39
Dodge: Dodged            |    72 |    22 ||    94
